Map: Central Protocol

Players

HyuN - Winner!

  • Race: Zerg Zerg

Miniraser

  • Race: Zerg Zerg
  • League: Master

Event: Homestory Cup XII

VOD

Have the link to the VOD?

Description

Time

  • Played on: Dec. 18, 2015, 8:37 a.m.
  • Length: 3:29

All games in this series

Show
View Real Time Build Order
Export as new Build Order

HyuN Zerg - Winner!

Build Orders: Pool Only 

Get SALT Encoding   

  12  0:00  Drone  
  13  0:14  Extractor  
  12  0:24  Spawning Pool  
  12  0:28  Drone  
  12  0:33  Drone  
  13  0:37  Drone  
  14  0:48  Overlord  
  14  1:10  Queen  
  14  1:11  Zergling x2  
  17  1:16  Metabolic Boost  
  17  1:21  Zergling x2  
  18  1:25  Zergling x2  
  19  1:35  Baneling Nest  
  19  1:40  Zergling x2  
  19  1:43  Zergling x2  
  20  1:49  Zergling x2  
  21  2:00  Zergling x2  
  22  2:07  Overlord  
  22  2:21  Baneling x3  
  22  2:27  Zergling x8  
  26  2:36  Baneling  
  26  2:39  Zergling x2  
  27  2:56  Baneling x2  
  27  2:58  Zergling x2  
  26  2:59  Zergling x2  
  26  3:00  Zergling x4  
  26  3:08  Zergling x2  
Show
View Real Time Build Order
Export as new Build Order

Miniraser Zerg 

Build Orders: Pool Only 

Get SALT Encoding   

  12  0:00  Drone  
  13  0:13  Drone, Extractor  
  13  0:29  Spawning Pool  
  13  0:33  Drone  
  13  0:37  Drone  
  14  0:46  Overlord  
  14  0:54  Extractor  
  14  0:55  Drone  
  15  1:16  Zergling x4  
  15  1:18  Zergling x2  
  18  1:21  Metabolic Boost  
  18  1:30  Queen  
  20  1:34  Zergling x2  
  20  1:38  Zergling x2  
  22  1:47  Baneling Nest  
  22  1:50  Zergling x2  
  22  1:59  Overlord  
  22  2:18  Zergling x2  
  23  2:25  Zergling x2  
  24  2:30  Baneling x2  
  24  2:32  Zergling x2  
  24  2:45  Zergling x6  
  27  2:58  Zergling x2  
  26  3:02  Zergling x2  
Tags
 
Add a new tag
Caveats
  • Supply blocks, unpowered buildings, or Contaminate may cause inaccurate times.
  • Supply counts are checked every 10 seconds.